 Dungeon Crawl Stone Soup version 0.29-a0-577-gafbf2c5d25 (webtiles) character file.

Game seed: 2712134745961880368

151 DocClef the Sneak (level 5, -1/44 (46) HPs)
             Began as a Draconian Delver on June 13, 2022.
             Slain by a mummy (8 damage)
             ... on level 5 of the Dungeon.
             The game lasted 00:00:43 (275 turns).

DocClef the Sneak (Draconian Delver)                 Turns: 275, Time: 00:00:44

HP:   -1/44 (46)    AC:  5    Str: 14    XL:     5   Next: 10%
MP:   5/5           EV: 12    Int: 11    God:
Gold: 0             SH:  0    Dex: 14    Spells: 4/4 levels left

rFire   . . .      SeeInvis .   a - +0 short sword
rCold   . . .      Faith    .   (no shield)
rNeg    . . .      Spirit   .   (body armour unavailable)
rPois   .          Reflect  .   (helmet restricted)
rElec   .          Harm     .   (no cloak)
rCorr   .          Rampage  .   (no gloves)
Will    .....                   (no boots)
Stlth   +++.......              (no amulet)
HPRegen 0.14/turn               (no ring)
MPRegen 0.09/turn               (no ring)

@: lightly drained
A: AC +5, unfitting armour, cold-blooded
a: no special abilities


You were on level 5 of the Dungeon.
You visited 1 branch of the dungeon, and saw 1 of its levels.

Inventory:

Hand Weapons
 a - a +0 short sword (weapon)
Wands
 f - a wand of digging (3)
Scrolls
 b - a scroll of immolation {unknown}
 d - a scroll of fear
 g - a scroll of enchant armour {unknown}
 h - a scroll of brand weapon {unknown}
Potions
 e - a potion of haste


   Skills:
 + Level 4.0 Fighting
 + Level 2.3 Short Blades
 + Level 2.2 Dodging
 + Level 6.1 Stealth


You had 4 spell levels left.
You didn't know any spells.
Your spell library was empty.

Dungeon Overview and Level Annotations

Branches:
Dungeon (5/15)
 Temple: D:4-7

Altars:

Portals:
Ossuary: D:5


Innate Abilities, Weirdness & Mutations

Your plain brown scales are hard. (AC +5)
You cannot fit into any form of body armour.
You are cold-blooded and may be slowed by cold attacks.


Message History

The adder is severely wounded.
The adder bites you.
You hit the adder but do no damage.
The adder is severely wounded.
The adder closely misses you. The adder bites you but does no damage.
You hit the adder.
You kill the adder!
You hear the hiss of an avalanche of sand.
Your Fighting skill increases to level 4!
Found 14 gold pieces.
A wight comes into view. It is wielding a +0 mace.
A wight comes into view. It is wielding a +0 flail.
You see here 14 gold pieces.
You open the door.
A mummy comes into view.
A wight comes into view. It is wielding a +4 falchion.
Found a sand-covered staircase.
There is an open door here.
You barely miss the mummy. You barely miss the mummy.
The mummy closely misses you.
You hit the mummy.
The mummy is lightly damaged.
An orc comes into view. It is wielding a +0 dagger.
The mummy completely misses you.
You closely miss the mummy.
The mummy is lightly damaged.
The wight misses you.
The orc shouts!
You hit the mummy but do no damage.
Your tail-slap misses the mummy.
The mummy is lightly damaged.
The wight hits you with a +0 mace!
* * * LOW HITPOINT WARNING * * *
You feel drained.
* * * LOW HITPOINT WARNING * * *
The wight closely misses you. The mummy hits you but does no damage.
The wight hits you with a +0 flail.
* * * LOW HITPOINT WARNING * * *
The wight attacks as you move away! The wight hits you but does no damage.
The mummy hits you!
You die...

*,...................z.,**,,,,,,
**#...................#***,,,,,,
**#........o....#...#**,,,****
*#...........#....#*,,*** *
#......$.........#,,**
#....#####z#####...** ***
#.....##..z..##...K*
*,**##......##.Mz##....K**
**,*#........##@##....#,,* *
*,*#.........###....#**,** **
**,#....#..#..#....#* *,,* ***,
*#...##....#.....#* ***,***,,,
##..........#...####..,,,,,,,
#....................,,,,,,*
#......###...........,,,,,*,
*#.###### ##....###...**,,,,,
**..,* ##.####..##***,,,*


You could see a mummy and 3 wights.

Vanquished Creatures
  A centaur (D:5)
  A bullfrog (D:5)
  An adder (D:5)
3 creatures vanquished.

Notes
Turn   | Place    | Note
-------+----------+-------------------------------------------
     0 | D:5      | DocClef the Draconian Delver began the quest for the Orb.
     0 | D:5      | Reached XP level 1. HP: 19/19 MP: 1/1
    31 | D:5      | Noticed a bullfrog
    45 | D:5      | Killed a bullfrog
    46 | D:5      | Reached skill level 5 in Stealth
    46 | D:5      | Reached XP level 2. HP: 3/27 MP: 2/2
    46 | D:5      | Reached XP level 3. HP: 4/33 MP: 3/3
   108 | D:5      | Noticed a centaur
   126 | D:5      | HP: 1/33 [centaur (2)]
   127 | D:5      | Killed a centaur
   128 | D:5      | Reached skill level 6 in Stealth
   128 | D:5      | Reached XP level 4. HP: 2/40 MP: 4/4
   128 | D:5      | Reached XP level 5. HP: 2/46 MP: 5/5
   239 | D:5      | Noticed a kobold demonologist
   266 | D:5      | Found a sand-covered staircase.
   275 | D:5      | Slain by a mummy

Illustrated notes

Levels and vault maps discovered:
D:5:      layout_layer_cave, gup_ossuary_entry_pyramid, serial_shops,
          nicolae_shop_window_shopping, chequers_serial_rivers_micro_b

Skill      XL: |  1  2  3  4  5 |
---------------+----------------+-----
Stealth        | 5 6 |  6.1
Dodging        | 2 |  2.2
Fighting       | 4 |  4.0
Short Blades   | |  2.3

Action                   |  1- 3 |  4- 6 || total
-------------------------+-------+-------++-------
Melee: Short sword       |    20 |    11 ||    31
       Tailslap          |     2 |     1 ||     3
       Punch             |     1 |       ||     1
  Use: Scroll            |     1 |     1 ||     2
 Stab: Sleeping          |     1 |       ||     1
Armor: Skin              |    16 |     5 ||    21
Dodge: Dodged            |    20 |     6 ||    26

Table legend: (Time is in decaauts)
 A = Elapsed time spent in this place.
 B = Non-inter-level travel time spent in this place.
 C = Inter-level travel time spent in this place.
 D = Time resting spent in this place.
 E = Time spent auto-exploring this place.
 F = Levels seen in this place.
 G = Mean time per level.
                   A        B        C        D        E       F      G
               +--------+--------+--------+--------+--------+-----+--------+
         Total |    275 |    275 |      0 |     72 |     91 |   1 |  275.0 |
       Dungeon |    275 |    275 |      0 |     72 |     91 |   1 |  275.0 |
               +--------+--------+--------+--------+--------+-----+--------+

Top non-repeatable levels by time:
     D:5: 275 daAuts
